Map: Amphion LE

Players

Reynor

  • Race: Zerg Zerg
  • League: Grandmaster
  • Spawn Location: 7:00

llllllllllll - Winner!

  • Race: Terran Terran
  • League: Grandmaster
  • Spawn Location: 11:00

VOD

Have the link to the VOD?

Description

Time

  • Played on: April 25, 2024, 10:41 a.m.
  • Length: 33:25
Show
View Real Time Build Order
Export as new Build Order

Reynor Zerg 

Build Orders: Pool First, Brood Lord Corruptor 

Get SALT Encoding   

  12  0:01  Drone  
  13  0:13  Overlord  
  13  0:18  Drone  
  14  0:31  Drone x2  
  14  0:34  Drone  
  17  0:45  Spawning Pool  
  17  0:49  Drone  
  17  1:10  Hatchery  
  16  1:12  Drone  
  17  1:25  Drone  
  18  1:31  Extractor  
  18  1:32  Queen, Zergling x2  
  20  1:34  Drone  
  20  1:39  Overlord  
  21  1:50  Drone  
  22  2:00  Drone  
  23  2:08  Queen  
  25  2:11  Drone  
  26  2:21  Queen  
  28  2:23  Drone x2  
  30  2:33  Drone x2  
  32  2:40  Overlord  
  32  2:42  Drone x2  
  34  2:44  Drone  
  34  2:47  Drone  
  36  2:58  Overlord  
  36  3:01  Drone  
  36  3:05  Drone  
  38  3:10  Hatchery  
  38  3:11  Roach Warren  
  36  3:13  Drone  
  36  3:16  Drone  
  36  3:17  Drone  
  36  3:19  Drone  
  40  3:21  Drone  
  40  3:22  Drone  
  42  3:28  Queen  
  42  3:32  Overlord  
  44  3:40  Drone x2  
  44  3:41  Queen  
  46  3:46  Overlord  
  48  3:52  Roach x3  
  56  3:55  Roach  
  56  3:57  Roach  
  56  4:00  Overlord  
  58  4:03  Roach  
  60  4:10  Overlord  
  60  4:11  Drone x3  
  60  4:12  Drone  
  64  4:18  Ravager  
  64  4:19  Drone  
  64  4:20  Drone  
  64  4:22  Drone  
  64  4:23  Spore Crawler  
  67  4:27  Queen  
  67  4:29  Drone  
  67  4:30  Drone  
  71  4:33  Drone  
  72  4:39  Drone x2  
  72  4:40  Lair  
  72  4:41  Drone x2  
  72  4:44  Overlord, Extractor  
  75  4:48  Overlord  
  75  4:54  Overlord  
  75  5:03  Overlord, Drone x2  
  75  5:04  Drone  
  75  5:06  Spore Crawler  
  78  5:07  Drone x3  
  78  5:09  Drone x2  
  78  5:10  Drone  
  78  5:12  Drone x3  
  86  5:18  Drone  
  86  5:19  Drone  
  86  5:20  Drone  
  89  5:25  Evolution Chamber  
  89  5:26  Evolution Chamber  
  89  5:27  Drone  
  89  5:28  Drone  
  89  5:29  Drone  
  89  5:32  Evolution Chamber  
  89  5:33  Hatchery  
  89  5:34  Drone x2  
  91  5:35  Overlord  
  91  5:41  Drone x3  
  91  5:42  Infestation Pit  
  93  5:44  Extractor, Drone x2  
  93  5:45  Drone x2  
  93  5:48  Overlord  
  96  5:52  Drone  
  96  5:53  Overlord  
  96  5:55  Evolution Chamber, Drone  
  98  5:59  Roach  
  98  6:00  Roach x2  
  98  6:01  Overlord  
  104  6:05  Drone  
  104  6:06  Zerg Ground Armor Level 1  
  104  6:08  Drone  
  104  6:09  Drone  
  104  6:10  Extractor  
  104  6:11  Extractor  
  105  6:12  Overlord, Extractor  
  105  6:13  Zerg Missile Weapons Level 1  
  105  6:16  Roach  
  106  6:21  Drone  
  106  6:23  Spore Crawler, Roach x2  
  106  6:24  Overlord  
  106  6:25  Spore Crawler  
  109  6:26  Spore Crawler, Drone x3  
  109  6:28  Drone  
  112  6:33  Drone x2  
  112  6:34  Glial Reconstitution  
  112  6:36  Overlord  
  110  6:40  Overseer  
  110  6:42  Roach  
  110  6:45  Spore Crawler, Drone  
  110  6:46  Overlord  
  108  6:52  Drone x2  
  109  6:55  Drone  
  109  6:56  Drone  
  106  7:03  Drone x2  
  105  7:10  Drone  
  105  7:11  Drone x2  
  105  7:12  Drone x4  
  105  7:13  Drone  
  105  7:14  Drone x2  
  113  7:17  Drone x3  
  113  7:18  Drone  
  113  7:19  Drone  
  113  7:21  Drone x2  
  120  7:29  Roach x3, Extractor  
  125  7:30  Overlord, Extractor  
  124  7:41  Hive  
  124  7:42  Drone  
  124  7:43  Drone x2  
  127  7:44  Roach x3  
  127  7:45  Spore Crawler  
  127  7:46  Spore Crawler  
  127  7:49  Drone  
  127  7:50  Drone x6  
  138  7:57  Infestor  
  140  8:03  Zerg Ground Armor Level 2  
  140  8:05  Drone x2  
  142  8:14  Spore Crawler  
  142  8:19  Drone  
  142  8:21  Spire, Drone x3  
  142  8:22  Overlord, Queen  
  142  8:26  Zerg Missile Weapons Level 2  
  146  8:28  Ravager x2  
  146  8:29  Roach x2  
  146  8:30  Roach  
  146  8:33  Overlord, Overseer  
  154  8:37  Roach  
  154  8:38  Roach x4  
  154  8:41  Overlord  
  164  8:46  Drone  
  165  8:49  Spine Crawler  
  165  8:50  Spine Crawler  
  165  8:51  Overlord, Spore Crawler  
  162  9:03  Queen  
  162  9:05  Viper x2  
  162  9:09  Hatchery  
  169  9:19  Drone  
  169  9:20  Drone x2  
  169  9:21  Overlord  
  169  9:23  Ravager  
  173  9:24  Ravager  
  173  9:28  Ravager  
  175  9:35  Spine Crawler, Greater Spire  
  175  9:36  Spine Crawler  
  175  9:37  Overseer  
  173  9:42  Overlord  
  173  9:44  Ravager  
  170  9:49  Overseer  
  170  10:05  Corruptor x9  
  183  10:25  Spore Crawler  
  183  10:27  Spore Crawler x3  
  179  10:29  Spine Crawler  
  179  10:34  Spore Crawler, Extractor  
  179  10:35  Spine Crawler  
  175  10:38  Drone x4  
  175  10:39  Extractor  
  178  10:49  Brood Lord x7  
  191  10:53  Spine Crawler x3  
  191  10:54  Spore Crawler, Brood Lord  
  189  11:02  Zerg Flyer Weapons Level 1  
  189  11:04  Pneumatized Carapace  
  189  11:11  Brood Lord  
  191  11:15  Hatchery  
  191  11:16  Drone x3  
  191  11:19  Spine Crawler, Spore Crawler  
  191  11:20  Spine Crawler, Burrow  
  191  11:21  Neural Parasite  
  191  11:22  Spine Crawler  
  187  11:29  Spore Crawler  
  187  11:30  Infestor x2  
  187  11:31  Spore Crawler  
  189  11:37  Corruptor x2  
  189  12:05  Corruptor x2  
  197  12:08  Brood Lord x2  
  197  12:19  Corruptor  
  199  12:31  Overseer x3  
  199  12:54  Spine Crawler  
  199  12:55  Spine Crawler x3, Brood Lord  
  199  12:56  Spine Crawler  
  196  13:08  Brood Lord x2  
  196  13:36  Infestor x2  
  200  13:44  Infestor x3  
  191  13:52  Corruptor x9  
  199  13:56  Overlord  
  190  14:09  Zerg Flyer Weapons Level 2  
  188  14:11  Spire  
  187  14:24  Brood Lord x2  
  184  14:33  Brood Lord x2  
  184  14:34  Infestor x2, Brood Lord x5  
  184  14:35  Infestor x2  
  199  14:50  Extractor  
  199  14:51  Extractor  
  185  15:16  Corruptor x5  
  185  15:53  Brood Lord  
  185  15:54  Brood Lord x2  
  171  16:00  Corruptor, Brood Lord  
  171  16:01  Corruptor x4  
  183  16:09  Zerg Flyer Armor Level 1  
  183  16:12  Ravager x4  
  183  16:17  Corruptor x4  
  192  16:45  Brood Lord x3, Corruptor x4  
  192  16:46  Brood Lord  
  200  16:56  Zerg Flyer Weapons Level 3  
  200  16:59  Corruptor x6  
  200  17:03  Hatchery  
  175  17:22  Corruptor x2  
  171  17:24  Viper x2  
  171  17:26  Zergling x26  
  188  17:32  Brood Lord x4  
  188  17:33  Brood Lord x2  
  200  17:40  Zerg Melee Weapons Level 1  
  200  17:49  Metabolic Boost  
  200  17:51  Extractor  
  200  17:53  Extractor  
  200  17:54  Drone x6  
  200  17:55  Drone x2  
  198  18:01  Overlord x3  
  198  18:02  Overseer  
  198  18:03  Overseer x2  
  196  18:20  Hatchery  
  196  18:24  Spore Crawler  
  196  18:26  Infestor x2  
  196  18:27  Infestor x2  
  191  18:33  Overseer  
  199  18:39  Hatchery  
  198  18:44  Zergling x4  
  198  19:07  Adrenal Glands  
  198  19:12  Spore Crawler  
  198  19:13  Spore Crawler x2  
  198  19:14  Zergling x8  
  199  19:17  Spawning Pool  
  194  19:27  Extractor, Zergling x18  
  193  19:35  Brood Lord x2  
  197  19:44  Drone  
  188  20:11  Infestor, Corruptor x2  
  189  20:26  Corruptor x3  
  189  20:27  Viper x2  
  183  20:38  Overlord  
  183  20:45  Drone  
  183  20:46  Drone x2  
  186  20:50  Brood Lord x2  
  186  20:52  Overlord  
  190  21:00  Drone x2  
  190  21:01  Extractor  
  189  21:04  Extractor  
  189  21:08  Brood Lord x3  
  189  21:10  Zerg Flyer Armor Level 2  
  194  21:19  Spore Crawler  
  194  21:20  Spine Crawler, Overseer  
  194  21:24  Corruptor x4  
  197  21:41  Queen  
  194  21:54  Roach x3  
  185  22:28  Brood Lord x4  
  193  22:33  Spore Crawler, Drone x3  
  193  22:34  Zergling x10  
  193  22:35  Spore Crawler  
  199  22:44  Infestor x9  
  199  22:48  Ravager  
  198  22:55  Overseer x2  
  197  23:05  Zergling x2  
  197  23:06  Zergling x2  
  188  23:39  Corruptor x2  
  190  23:47  Infestor x4  
  198  23:57  Drone  
  196  24:10  Brood Lord x2  
  198  24:18  Drone x2  
  198  24:19  Extractor  
  199  24:25  Spore Crawler  
  199  24:27  Spore Crawler  
  199  24:29  Infestor  
  199  24:30  Drone  
  200  24:41  Zerg Flyer Armor Level 3  
  200  24:55  Hatchery  
  200  24:58  Spore Crawler  
  197  25:04  Spore Crawler  
  196  25:09  Zergling x2  
  196  25:10  Zergling x16  
  198  25:16  Zerg Melee Weapons Level 2  
  198  25:22  Overlord x2  
  198  25:24  Overlord  
  198  25:25  Overlord  
  193  25:40  Corruptor  
  193  25:41  Corruptor x2  
  198  26:05  Infestor x3  
  198  26:07  Infestor  
  198  26:08  Infestor  
  198  26:12  Brood Lord  
  199  26:24  Spore Crawler x4  
  193  26:26  Spore Crawler  
  193  26:30  Brood Lord x2  
  193  26:31  Corruptor  
  198  26:48  Hatchery  
  183  27:09  Brood Lord  
  183  27:10  Infestor x12  
  183  27:12  Infestor x2  
  183  27:13  Infestor x2  
  183  27:15  Queen  
  195  27:18  Zergling x10  
  200  27:28  Overseer x2  
  200  27:38  Spore Crawler x2  
  183  28:16  Corruptor  
  183  28:17  Overlord  
  177  28:20  Overlord  
  177  28:29  Corruptor  
  177  28:30  Corruptor  
  181  28:37  Queen x2  
  185  28:47  Hatchery  
  184  28:50  Hatchery  
  179  28:56  Zergling x18  
  179  28:59  Overlord  
  179  29:02  Drone x3  
  190  29:23  Drone  
  190  29:24  Drone x4  
  195  29:29  Roach x3  
  198  29:45  Infestor x12  
  198  30:05  Overlord x2  
  197  30:07  Drone  
  197  30:13  Corruptor  
  198  30:19  Extractor  
  197  30:22  Extractor  
  196  30:31  Corruptor  
  195  30:55  Overlord  
  177  31:12  Queen  
  177  31:13  Zergling x2  
  177  31:14  Zergling x8  
  184  31:22  Drone x2  
  186  31:26  Brood Lord  
  186  31:30  Drone x2  
  186  31:31  Drone x2  
  192  31:35  Spawning Pool, Drone x2  
  192  31:39  Hatchery  
  189  31:49  Overlord x2  
  189  31:50  Overlord x2  
  189  31:51  Overlord  
  147  32:23  Zergling x30  
  147  32:24  Brood Lord x2  
  166  32:33  Queen  
  166  32:34  Zergling x2  
  166  32:35  Queen, Zergling x6  
  138  33:02  Zergling x22  
Show
View Real Time Build Order
Export as new Build Order

llllllllllll Terran - Winner!

Build Orders: Reaper Expand, Mech 

Get SALT Encoding   

  12  0:00  SCV  
  13  0:12  SCV  
  14  0:17  Supply Depot  
  14  0:24  SCV  
  15  0:38  SCV  
  15  0:40  Barracks  
  16  0:44  Refinery  
  16  0:50  SCV  
  17  1:02  SCV  
  18  1:15  SCV  
  19  1:26  Reaper  
  19  1:27  Orbital Command  
  20  1:41  Command Center  
  20  1:48  Supply Depot  
  20  1:52  SCV  
  21  1:58  Marine  
  22  2:04  SCV  
  23  2:12  Factory  
  23  2:16  Marine, SCV  
  25  2:28  SCV  
  26  2:31  Refinery  
  26  2:35  Barracks Reactor  
  26  2:40  Bunker, SCV  
  27  2:52  SCV  
  27  2:54  Orbital Command  
  27  2:57  Starport  
  30  3:04  SCV  
  31  3:10  Cyclone  
  31  3:12  Marine x2  
  32  3:17  SCV  
  34  3:20  SCV  
  35  3:29  SCV  
  35  3:33  Command Center  
  36  3:36  Medivac  
  36  3:38  SCV  
  36  3:41  SCV  
  40  3:49  Barracks Tech Lab  
  40  3:50  SCV  
  40  3:53  SCV  
  42  3:56  Supply Depot  
  42  3:59  Supply Depot  
  42  4:02  SCV  
  43  4:05  SCV  
  43  4:08  Refinery  
  43  4:09  Refinery  
  44  4:12  Hellion  
  46  4:18  Hellion, SCV x2  
  46  4:22  Supply Depot  
  50  4:25  Supply Depot  
  50  4:29  Banshee  
  50  4:30  Cloaking Field, SCV x2  
  55  4:38  Hellion  
  57  4:40  Barracks Tech Lab, Hellion  
  57  4:44  SCV x2  
  61  4:50  Orbital Command  
  61  4:56  SCV x2  
  63  5:09  SCV x2  
  63  5:12  Factory x2  
  65  5:14  Orbital Command, Armory  
  65  5:15  Barracks Tech Lab  
  65  5:17  Armory  
  65  5:21  Banshee, SCV  
  66  5:26  SCV  
  70  5:33  SCV  
  69  5:38  SCV  
  69  5:41  SCV  
  71  5:45  SCV  
  71  5:46  Refinery, Command Center  
  71  5:47  Refinery  
  72  5:50  SCV  
  72  5:53  SCV  
  74  5:57  SCV  
  74  6:02  SCV  
  76  6:04  Raven  
  76  6:06  Terran Vehicle And Ship Armor Level 1, Terran Vehicle Weapons Level 1, SCV  
  76  6:09  Hellion x2, SCV  
  84  6:13  Siege Tank  
  84  6:14  SCV  
  84  6:16  Engineering Bay  
  84  6:18  Supply Depot, SCV  
  89  6:21  SCV  
  89  6:25  Siege Tank  
  93  6:31  Barracks Reactor  
  93  6:32  Factory  
  93  6:34  Factory  
  93  6:39  SCV  
  94  6:41  SCV  
  94  6:42  SCV  
  96  6:51  SCV  
  96  6:54  SCV x2  
  99  6:57  Thor x2  
  111  7:03  SCV  
  111  7:05  Supply Depot  
  111  7:06  SCV x2  
  111  7:07  Supply Depot x2  
  114  7:15  SCV  
  114  7:19  Factory Tech Lab  
  114  7:21  Supply Depot  
  114  7:22  Supply Depot  
  115  7:24  Supply Depot, Missile Turret  
  115  7:27  Hellion x2, Command Center  
  119  7:32  Planetary Fortress  
  119  7:37  SCV  
  119  7:38  Sensor Tower, SCV  
  121  7:44  Terran Infantry Armor Level 1  
  121  7:46  Supply Depot  
  121  7:48  Supply Depot, SCV  
  121  7:49  SCV  
  121  7:50  Supply Depot, Siege Tank x2, SCV  
  130  7:51  Siege Tank  
  133  8:00  SCV  
  133  8:02  Refinery, SCV x2  
  136  8:06  Refinery  
  136  8:07  Supply Depot  
  136  8:09  Siege Tank  
  136  8:10  Supply Depot  
  136  8:12  Terran Vehicle Weapons Level 2, SCV  
  140  8:14  SCV x2  
  140  8:15  Terran Vehicle And Ship Armor Level 2  
  140  8:19  Hellion  
  146  8:20  Hellion  
  146  8:21  Infernal Pre-Igniter  
  146  8:24  SCV  
  147  8:35  Factory  
  147  8:36  Factory  
  147  8:39  Factory  
  147  8:40  Missile Turret x2  
  147  8:45  Viking x2  
  151  8:53  Siege Tank x2  
  163  8:55  Hellion x2  
  163  8:56  Hellion x2  
  163  9:00  SCV  
  163  9:01  SCV x2  
  168  9:07  Smart Servos, Refinery  
  168  9:10  Sensor Tower, Refinery  
  168  9:13  SCV x3  
  168  9:14  Command Center  
  171  9:17  Planetary Fortress  
  171  9:25  Factory Tech Lab x2, Factory Reactor, Command Center  
  171  9:28  Viking  
  173  9:39  Barracks  
  173  9:40  Barracks  
  173  9:42  Barracks  
  173  9:45  Barracks  
  173  9:46  Ghost Academy  
  173  9:50  Thor  
  179  9:58  Thor  
  185  10:08  Terran Infantry Armor Level 2  
  185  10:13  Command Center, SCV x2  
  185  10:14  SCV  
  188  10:21  Personal Cloaking  
  188  10:25  SCV  
  189  10:29  Orbital Command  
  189  10:32  Terran Vehicle And Ship Armor Level 3, Terran Vehicle Weapons Level 3  
  189  10:39  Orbital Command  
  189  10:44  Thor  
  195  10:54  Thor  
  198  11:02  Barracks Tech Lab x4  
  194  11:15  Starport, Sensor Tower  
  194  11:17  Fusion Core  
  190  11:33  Command Center  
  190  11:34  Command Center  
  190  11:36  Ghost x4, Command Center  
  198  11:45  Sensor Tower  
  198  11:47  Nuke  
  191  12:04  Ghost x4  
  197  12:21  Liberator  
  200  12:23  Starport Reactor, Advanced Ballistics  
  200  12:40  Terran Infantry Armor Level 3  
  200  12:43  Planetary Fortress  
  200  12:45  Thor  
  198  13:06  Liberator  
  198  13:12  Ghost  
  194  13:29  Ghost x3  
  194  13:30  Thor x3  
  194  13:33  Thor  
  194  13:34  Thor x2  
  194  13:40  Terran Ship Weapons Level 1  
  186  13:55  Liberator x2  
  187  13:57  Ghost  
  187  13:58  Ghost  
  182  14:05  Ghost  
  184  14:10  Hellion x3  
  184  14:11  Hellion, Medivac  
  184  14:13  Thor  
  184  14:16  Orbital Command x3  
  193  14:33  Ghost x2  
  193  14:36  Hellion, Thor  
  199  14:55  Refinery  
  199  14:57  Refinery  
  193  15:06  Thor  
  190  15:07  Command Center  
  190  15:09  Command Center  
  190  15:13  Command Center  
  184  15:19  Ghost x3  
  184  15:20  Ghost  
  186  15:21  Thor  
  186  15:22  Liberator  
  186  15:38  Thor  
  186  15:39  Thor  
  198  15:47  Ghost  
  198  15:48  Ghost  
  184  15:59  Ghost x2  
  184  16:00  Caduceus Reactor, Thor x2  
  184  16:03  Hellion x2  
  200  16:21  Orbital Command x2  
  200  16:25  Command Center  
  200  16:38  Nuke  
  200  16:45  Liberator  
  200  16:57  Ghost Academy  
  200  17:15  Liberator x2  
  192  17:25  Nuke x2, Ghost  
  192  17:26  Ghost  
  196  17:32  Terran Infantry Weapons Level 1  
  196  17:46  Sensor Tower  
  196  17:48  Terran Ship Weapons Level 2  
  196  17:57  Command Center  
  196  18:05  Ghost x2  
  196  18:08  Missile Turret  
  196  18:12  Missile Turret  
  200  18:35  Orbital Command  
  200  19:16  Missile Turret  
  200  19:17  Missile Turret x2  
  192  19:31  Nuke x2  
  184  19:52  Liberator x2  
  184  20:08  Thor x2  
  188  20:26  Thor x3  
  188  20:27  Thor  
  188  20:39  Nuke  
  186  20:51  Medivac x4, Thor  
  190  21:06  Ghost x3  
  190  21:09  Thor  
  199  21:13  Terran Ship Weapons Level 3  
  199  21:22  Ghost  
  191  21:41  Terran Infantry Weapons Level 2  
  191  21:53  Thor  
  195  21:55  Hellion x4  
  190  22:07  Ghost x2  
  176  22:25  Thor x2  
  176  22:26  Thor x2  
  197  22:32  Planetary Fortress  
  197  22:34  Command Center  
  197  22:37  Refinery  
  197  22:38  Hellion, Command Center  
  188  22:55  Command Center  
  185  22:58  Hellion x3  
  185  22:59  Hellion x2  
  187  23:08  Thor x2  
  184  23:32  Thor x2  
  170  23:44  Hellion x4  
  170  23:45  Hellion x2  
  179  23:51  Hellion  
  179  23:52  Hellion  
  178  23:59  Terran Infantry Weapons Level 3  
  176  24:05  Hellion  
  176  24:06  Hellion x5  
  180  24:13  Hellion x2  
  180  24:15  Hellion  
  180  24:16  Hellion, Command Center  
  188  24:27  Hellion x5  
  188  24:28  Hellion  
  200  24:49  Missile Turret  
  200  24:57  Refinery  
  197  25:31  Hellion x3  
  199  25:40  Command Center  
  195  25:51  Liberator  
  194  26:00  Refinery  
  194  26:01  Refinery  
  194  26:13  Planetary Fortress  
  194  26:25  Medivac x2  
  198  26:45  Medivac  
  187  27:10  Thor  
  187  27:12  Hellion x6  
  187  27:13  Hellion x3  
  195  27:18  Command Center  
  195  27:30  Liberator  
  164  28:31  Thor x2  
  170  28:36  Planetary Fortress  
  170  28:40  Hellion x2  
  170  28:41  Hellion x6  
  186  28:48  SCV x6  
  186  28:49  SCV x6  
  196  29:02  Hellion  
  198  29:30  Planetary Fortress  
  198  30:14  Ghost  
  186  30:57  Thor x3  
  172  31:00  Medivac  
  172  31:01  Medivac  
  192  31:05  Hellion x2  
  196  31:52  Thor  
  196  31:55  Hellion x3  
  194  32:14  Hellion x3  
  172  32:23  Hellion  
  172  32:24  Hellion  
  174  32:46  Ghost x2  
  164  32:52  Medivac x2  
  164  32:53  Medivac x2  
  164  32:55  Hellion x5  
  164  32:56  Hellion x3  
  164  32:57  SCV x3  
Tags
 
Add a new tag
Caveats
  • Supply blocks, unpowered buildings, or Contaminate may cause inaccurate times.
  • Supply counts are checked every 10 seconds.